 Dungeon Sprint DCSS version 0.28.0-53-g5a82cb258f (webtiles) character file.

Game seed: 5553248879716456356

403 Zeld the Thaumaturge (level 6, 0/32 HPs)
             Began as a Deep Elf Conjurer on May 28, 2022.
             Was an Initiate of Gozag.
             Slain by an orange demon (11 damage)
             ... in the Dungeon (Sprint VII: "The Pits").
             The game lasted 00:02:11 (1814 turns).

Zeld the Thaumaturge (Deep Elf Conjurer)            Turns: 1814, Time: 00:02:11

Health: 0/32       AC:  2    Str:  4    XL:     6   Next: 55%
Magic:  13/22      EV: 15    Int: 25    God:    Gozag
Gold:   199        SH:  0    Dex: 13    Spells: 17/28 levels left

rFire   . . .      SeeInvis .   a - +2 quarterstaff
rCold   . . .      Faith    .   (shield currently unavailable)
rNeg    . . .      Spirit   .   h - +0 robe
rPois   .          Reflect  .   (no helmet)
rElec   .          Harm     .   (no cloak)
rCorr   .          Rampage  .   (no gloves)
Will    .....      NoTele   +   (no boots)
Stlth   ++........              (no amulet)
HPRegen 0.10/turn               (no ring)
MPRegen 0.18/turn               (no ring)

@: no status effects
A: no striking features
a: Renounce Religion, Potion Petition, Call Merchant, Bribe Branch


You were in the Dungeon.
You worshipped Gozag.
Gozag was aware of your devotion.
You visited 1 branch You collected 1026 gold pieces.
You spent 39 gold pieces at shops.
You paid 788 gold pieces to Gozag.

Inventory:

Hand Weapons
 a - a +2 quarterstaff (weapon)
Armour
 h - a +0 robe (worn)
Scrolls
 g - a scroll of blinking
 j - 5 scrolls of amnesia
 k - a scroll of summoning
Potions
 b - 6 potions of curing
 c - 6 potions of heal wounds
 d - a potion of haste
 e - 4 potions of magic
 f - 3 potions of berserk rage
 i - 2 potions of invisibility


   Skills:
 + Level 7.8 Dodging
 - Level 2.4 Stealth
 * Level 11.8 Spellcasting
 * Level 10.6 Conjurations
 - Level 2.0 Hexes
 + Level 1.8 Translocations


You had 17 spell levels left.
You knew the following spells:

 Your Spells              Type           Power      Damage    Failure   Level
a - Magic Dart            Conj           100%       1d8       1%          1
b - Searing Ray           Conj           100%       2d8       1%          2
c - Fulminant Prism       Conj/Hex       23%        3d13      3%          4
d - Iskenderun's Mystic   Conj/Tloc      46%        2d10      3%          4

Your spell library contained the following spells:

 Spells                   Type           Power      Damage    Failure   Level
 Dazzling Flash           Conj/Hex       92%        N/A       1%          3


Dungeon Overview and Level Annotations

Branches:
Dungeon (1/1)

Altars:
Ashenzari
Cheibriados
Dithmenos
Elyvilon
Fedhas
Gozag
Hepliaklqana
Kikubaaqudgha
Makhleb
Nemelex Xobeh
Okawaru
Qazlal
Ru
Sif Muna
Trog
Uskayaw
Vehumet
Wu Jian
Xom
Yredelemnul
Zin
The Shining One
Beogh
Jiyva
Lugonu

Shops:
D !


Message History

Unknown command.
The searing ray hits the orange demon!
The orange demon is heavily wounded.
The orange demon stings you but does no damage.
Unknown command.
The searing ray misses the orange demon.
You finish channelling your searing ray.
The orange demon closely misses you.
Unknown command.
Casting: Searing Ray (safe; 1% risk of failure)
Confirm with . or Enter, or press ? or * to list all spells.
Aiming: Searing Ray (safe; 1% risk of failure)
Press: ? - help, Shift-Dir - straight line, f/p - orange demon
Aim: an orange demon (heavily wounded, 90% to hit)
The searing ray hits the orange demon.
The orange demon is heavily wounded. (Press . to maintain the ray.)
The orange demon completely misses you.
The searing ray hits the orange demon.
The orange demon is heavily wounded.
The orange demon stings you from afar.
You are poisoned.
The orange demon poisons you!
The searing ray hits the orange demon.
The orange demon is severely wounded.
You feel very sick. The orange demon stings you from afar!
You are more poisoned.
The orange demon poisons you!
Unknown command.
The searing ray hits the orange demon!
The orange demon is almost dead.
You finish channelling your searing ray.
* * * LOW HITPOINT WARNING * * *
You feel extremely sick. The orange demon barely misses you.
Unknown command.
You feel better. The orange demon stings you from afar!
You die...
Your body crumbles into a pile of gold.

#∩#........##.......#
#'###########.......#
#.......# #########
#...#...# #...#...#
#.##.##.#+#
#...#...#4+
#...#...#'#
#.......'@#
###########


You could see an orange demon.

Vanquished Creatures
  A necrophage (D)
  A bullfrog (D)
  5 wights (D)
  A crimson imp (D)
  An ufetubus (D)
  A ball python (D)
  A giant cockroach (D)
  A hobgoblin (D)
  4 kobolds (D)
  A quokka (D)
  A ball python zombie (D)
  A frilled lizard (D)
  A quokka skeleton (D)
20 creatures vanquished.

Notes
Turn   | Place    | Note
-------+----------+-------------------------------------------
     0 | D        | Zeld the Deep Elf Conjurer began the quest for the Orb.
     0 | D        | Reached XP level 1. HP: 10/10 MP: 6/6
   256 | D        | Found a bloodstained altar of Trog.
   256 | D        | Found a shimmering blue altar of Sif Muna.
   256 | D        | Found a viscous altar of Jiyva.
   256 | D        | Found a hazy altar of Hepliaklqana.
   256 | D        | Found an opulent altar of Gozag.
   257 | D        | Found a glowing golden altar of the Shining One.
   257 | D        | Found a glowing silver altar of Zin.
   257 | D        | Found a basalt altar of Yredelemnul.
   257 | D        | Found a shimmering altar of Xom.
   257 | D        | Found an ornate altar of the Wu Jian Council.
   257 | D        | Found a sacrificial altar of Ru.
   257 | D        | Found a stormy altar of Qazlal.
   257 | D        | Found an iron altar of Okawaru.
   257 | D        | Found a sparkling altar of Nemelex Xobeh.
   257 | D        | Found a burning altar of Makhleb.
   257 | D        | Found a blossoming altar of Fedhas.
   257 | D        | Found a white marble altar of Elyvilon.
   257 | D        | Found a shadowy altar of Dithmenos.
   257 | D        | Found a snail-covered altar of Cheibriados.
   258 | D        | Found a radiant altar of Vehumet.
   258 | D        | Found a corrupted altar of Lugonu.
   259 | D        | Found a hide-covered altar of Uskayaw.
   259 | D        | Found an ancient bone altar of Kikubaaqudgha.
   259 | D        | Found a broken altar of Ashenzari.
   263 | D        | Became a worshipper of Gozag Ym Sagoz the Greedy
   429 | D        | Reached skill level 4 in Spellcasting
   429 | D        | Reached skill level 5 in Conjurations
   658 | D        | Reached XP level 2. HP: 14/15 MP: 6/9
   682 | D        | Learned a level 2 spell: Searing Ray
   785 | D        | Reached skill level 5 in Spellcasting
   881 | D        | Noticed a wight
   895 | D        | Killed a wight
   896 | D        | Reached skill level 6 in Spellcasting
   896 | D        | Reached XP level 3. HP: 19/19 MP: 3/13
   994 | D        | Noticed a necrophage
   994 | D        | Noticed a bullfrog
  1012 | D        | Reached skill level 5 in Dodging
  1012 | D        | Reached skill level 7 in Spellcasting
  1012 | D        | Reached XP level 4. HP: 9/24 MP: 6/15
  1012 | D        | Killed a necrophage
  1013 | D        | Reached skill level 9 in Spellcasting
  1013 | D        | Reached XP level 5. HP: 11/28 MP: 5/19
  1015 | D        | Reached skill level 10 in Spellcasting
  1305 | D        | Learned a level 4 spell: Fulminant Prism
  1310 | D        | Learned a level 4 spell: Iskenderun's Mystic Blast
  1320 | D        | Reached XP level 6. HP: 32/32 MP: 15/21
  1325 | D        | Reached skill level 11 in Spellcasting
  1325 | D        | Reached skill level 10 in Conjurations
  1334 | D        | Reached skill level 1 in Hexes
  1334 | D        | Reached skill level 1 in Translocations
  1344 | D        | Bought a potion of curing for 39 gold pieces
  1805 | D        | Noticed an orange demon
  1814 | D        | Slain by an orange demon

Illustrated notes

Levels and vault maps discovered:
D:        pitsprint [storerooms_1, entrance_room_1, metal_vault_3, armoury_2,
          mini_pit_1, grid_room_1, main_hall_1, silver_pit, the_coven_3,
          the_vestibule_1, steel_vault_1, golden_pit, hallway_of_sentries,
          crystal_vault_4, iron_vault_3, final_vault]

Skill      XL: |  1  2  3  4  5  6 |
---------------+-------------------+-----
Dodging        | 3 4 5 6 7 |  7.8
Spellcasting   | 4 6 7 9 10 11 | 11.8
Conjurations   | 5 6 7 8 9 10 | 10.6
Hexes          | 2 |  2.0
Translocations | 1 |  1.8
Stealth        | |  2.4

Action                   |  1- 3 |  4- 6 || total
-------------------------+-------+-------++-------
 Cast: Magic Dart        |    17 |     2 ||    19
       Searing Ray       |     4 |     9 ||    13
Invok: Call Merchant     |       |     1 ||     1
  Use: Potion            |       |     1 ||     1
Armor: Robe              |       |     2 ||     2
Dodge: Dodged            |    10 |    10 ||    20
